 Dungeon Crawl Stone Soup version 0.29-a0-1008-g949cc1d0fb (webtiles) character file.

Game seed: 17561423282630625444

4085 RaHiT the Cleaver (level 10, -5/93 HPs)
             Began as a Hill Orc Fighter on Aug 7, 2022.
             Slain by a ten-headed hydra (12 damage)
             ... on level 7 of the Dungeon.
             The game lasted 00:19:20 (5412 turns).

RaHiT the Cleaver (Hill Orc Fighter)                Turns: 5412, Time: 00:19:22

Health: -5/93      AC: 24    Str: 24    XL:     10   Next: 25%
Magic:  10/10      EV:  8    Int: 15    God:
Gold:   1121       SH:  4    Dex: 13    Spells: 9/9 levels left

rFire   . . .      SeeInvis .   a - +4 broad axe (venom)
rCold   + . .      Faith    .   c - +0 buckler
rNeg    . . .      Spirit   .   D - +8 chain mail of the Iron Devil {rC+ Int+4 Stlth+}
rPois   .          Reflect  .   j - +1 hat {Int+3}
rElec   .          Harm     .   r - scarf {+Inv}
rCorr   .          Rampage  .   A - +0 pair of gloves
Will    ++...                   x - +1 pair of boots "Forget-Me-Not" {Will+ Dex+3}
Stlth   ..........              o - amulet of regeneration
HPRegen 1.05/turn               i - ring of willpower
MPRegen 0.12/turn               (no ring)

@: no status effects
A: no striking features
a: Evoke Invisibility


You were on level 7 of the Dungeon.
You visited 1 branch of the dungeon, and saw 7 of its levels.

You collected 1121 gold pieces.

Inventory:

Hand Weapons
 a - a +4 broad axe of venom (weapon)
Missiles
 y - 6 javelins (quivered)
Armour
 c - a +0 buckler (worn)
 j - a +1 hat of intelligence (worn)
 q - a +1 scale mail of willpower
 r - a scarf of invisibility (worn)
 x - the +1 pair of boots "Forget-Me-Not" (worn) {Will+ Dex+3}
   (You acquired it on level 5 of the Dungeon)

   Dex:       It affects your dexterity (+3).
   Will:      It increases your willpower.
 A - a +0 pair of gloves (worn)
 D - the +8 chain mail of the Iron Devil (worn) {rC+ Int+4 Stlth+}
   (You took it off an orc warrior on level 6 of the Dungeon)

   Int:       It affects your intelligence (+4).
   rC:        It protects you from cold.
   Stlth:     It makes you more stealthy.
 I - the +1 chain mail of Nutu Aco {rCorr SInv}
   (You took it off an orc on level 7 of the Dungeon)

   SInv:      It lets you see invisible.
   rCorr:     It protects you from acid and corrosion.
Jewellery
 i - a ring of willpower (left hand)
 o - an amulet of regeneration (around neck)
 G - a ring of magical power
Scrolls
 f - 2 scrolls of vulnerability
 l - a scroll of summoning {unknown}
 m - 2 scrolls of immolation
 s - a scroll of torment
 u - a scroll of magic mapping
 v - 2 scrolls of enchant armour {unknown}
 w - 2 scrolls of fear {unknown}
 B - a scroll of noise {unknown}
 E - a scroll of blinking {unknown}
Potions
 b - 2 potions of mutation
 d - 2 potions of might
 e - 2 potions of haste
 g - a potion of attraction
 h - 2 potions of brilliance
 k - 4 potions of curing
 n - a potion of lignification {unknown}
 p - a potion of berserk rage {unknown}
 z - a potion of flight {unknown}
 C - a potion of magic {unknown}
 H - a potion of ambrosia


   Skills:
 * Level 10.2 Fighting
 * Level 10.6 Axes
 * Level 9.2 Armour
 - Level 3.2 Shields
 + Level 4.8 Evocations


You had 9 spell levels left.
You didn't know any spells.
Your spell library contained the following spells:

 Spells                   Type           Power      Damage    Failure   Level
 Gell's Gravitas          Tloc           0%         N/A       99%         3
 Lesser Beckoning         Tloc           0%         N/A       99%         3
 Teleport Other           Tloc           0%         N/A       99%         3


Dungeon Overview and Level Annotations

Branches:
Dungeon (7/15)
 Temple: D:4-7

Altars:
Cheibriados
Elyvilon
Kikubaaqudgha
Uskayaw
Vehumet
Wu Jian
Beogh


Message History

* * * LOW HITPOINT WARNING * * *
Okay, then.
It was a potion of ambrosia.
You are confused.
You feel invigorated. The nine-headed hydra bites you.
The nine-headed hydra completely misses you.
The nine-headed hydra bites you but does no damage.
The nine-headed hydra bites you.
The nine-headed hydra bites you but does no damage.
The nine-headed hydra completely misses you.
The nine-headed hydra bites you but does no damage.
The nine-headed hydra bites you.
* * * LOW HITPOINT WARNING * * *
The nine-headed hydra bites you but does no damage.
Unknown command.
You lop one of the nine-headed hydra's heads off!
The eight-headed hydra grows two more!
You slash the ten-headed hydra!
The ten-headed hydra is moderately wounded.
The ten-headed hydra bites you but does no damage.
The ten-headed hydra bites you!
* * * LOW HITPOINT WARNING * * *
The ten-headed hydra bites you!
* * * LOW HITPOINT WARNING * * *
The ten-headed hydra bites you but does no damage. x5
The ten-headed hydra barely misses you. The ten-headed hydra bites you.
* * * LOW HITPOINT WARNING * * *
Unknown command.
It was a potion of cancellation.
Your magical effects are unravelling.
You feel magically purged.
You feel less invigorated.
You feel less confused.
The ten-headed hydra bites you but does no damage. x2
You block the ten-headed hydra's attack.
The ten-headed hydra bites you but does no damage.
You block the ten-headed hydra's attack.
The ten-headed hydra bites you!
* * * LOW HITPOINT WARNING * * *
The ten-headed hydra bites you but does no damage.
The ten-headed hydra bites you!
You die...

#.......)))).)...#.#
#..#####.)#####..#..
#......#..#......#.#
#......#..#......#.#
#####..#..#..#####.#
#....[.#..#[.....#.#
#......#..#......#.#
#..#####..#####..#..
#..@...#..#...†).#.#
#...D..#..#......#..
#####..#..#..#####)#
#..)§..#..#......#.#
#......#..#......#.#
#..#####..#####..#.#
#......#..#......#.#
#......#..#......#..
#####..#..#..#####..


You could see a ten-headed hydra (very poisoned).

Vanquished Creatures
  Pikel (D:6)
  Grinder (D:4)
  Prince Ribbit (D:6)
  A slime creature (D:7)
  Eustachio (D:4)
  Menkaure (D:5)
  2 water moccasins (D:7)
  2 sky beasts (D:7)
  5 orc warriors
  A black bear (D:6)
  3 centaurs (D:7)
  An ogre (D:6)
  4 phantoms
  2 lemures (D:6)
  4 scorpions
  A bullfrog (D:7)
  3 wights
  2 jellies
  4 hounds
  5 orc priests
  Crazy Yiuf (D:4)
  4 iguanas
  3 orc wizards
  Robin (D:2)
  9 gnolls
  8 adders
  3 white imps
  The ghost of fly the Sneak, a weakling DgDe (D:6)
  4 dart slugs
  32 orcs
  8 ball pythons
  9 endoplasms
  4 giant cockroaches
  13 goblins
  8 hobgoblins
  4 quokkas (D:1)
  4 bats
  2 frilled lizards (D:1)
  6 kobolds
  4 rats
173 creatures vanquished.

Vanquished Creatures (others)
  A gnoll (D:7)
  7 plants (D:3)
8 creatures vanquished.

Grand Total: 181 creatures vanquished

Notes
Turn   | Place    | Note
-------+----------+-------------------------------------------
     0 | D:1      | RaHiT the Hill Orc Fighter began the quest for the Orb.
     0 | D:1      | Reached XP level 1. HP: 19/19 MP: 1/1
    64 | D:1      | Reached XP level 2. HP: 23/27 MP: 2/2
   375 | D:1      | Reached XP level 3. HP: 33/33 MP: 3/3
   423 | D:1      | Found a faded altar of an unknown god.
  1246 | D:2      | Identified a scroll of acquirement
  1246 | D:2      | Acquired a +3 broad axe of venom
  1315 | D:2      | Noticed Robin
  1324 | D:2      | Killed Robin
  1325 | D:2      | Reached XP level 4. HP: 32/41 MP: 4/4
  1649 | D:2      | Reached XP level 5. HP: 47/47 MP: 5/5
  1947 | D:3      | Reached skill level 5 in Fighting
  2340 | D:3      | Found a faded altar of an unknown god.
  2345 | D:3      | Found a hide-covered altar of Uskayaw.
  2609 | D:4      | Found a radiant altar of Vehumet.
  2609 | D:4      | Found an ornate altar of the Wu Jian Council.
  2610 | D:4      | Found a snail-covered altar of Cheibriados.
  2627 | D:4      | Acquired 872 gold pieces
  2642 | D:4      | Reached skill level 5 in Axes
  2657 | D:4      | Reached XP level 6. HP: 56/56 MP: 6/6
  2720 | D:4      | Reached skill level 5 in Armour
  2763 | D:4      | Found a runed translucent door.
  2764 | D:4      | Noticed Crazy Yiuf
  2770 | D:4      | Killed Crazy Yiuf
  2839 | D:4      | Noticed Eustachio
  2846 | D:4      | Killed Eustachio
  2847 | D:4      | Reached skill level 1 in Evocations
  2847 | D:4      | Reached XP level 7. HP: 63/63 MP: 7/7
  2897 | D:4      | Noticed Grinder
  2901 | D:4      | Killed Grinder
  3004 | D:4      | Found an ancient bone altar of Kikubaaqudgha.
  3093 | D:5      | Entered Level 5 of the Dungeon
  3143 | D:5      | Found a white marble altar of Elyvilon.
  3173 | D:5      | Reached XP level 8. HP: 71/71 MP: 8/8
  3283 | D:5      | Acquired the +1 pair of boots "Forget-Me-Not" {Will+ Dex+3}
  3719 | D:5      | Noticed Menkaure
  3731 | D:5      | Killed Menkaure
  3956 | D:6      | Noticed Pikel
  3963 | D:6      | Killed Pikel
  3964 | D:6      | Reached XP level 9. HP: 55/82 MP: 9/9
  4246 | D:6      | Noticed Prince Ribbit
  4256 | D:6      | Killed Prince Ribbit
  4716 | D:6      | Found a runed translucent gate.
  4716 | D:6      | Noticed fly's ghost (weakling DgDe)
  4717 | D:6      | Found a runed translucent gate.
  4718 | D:6      | Found a runed translucent gate.
  4719 | D:6      | Identified the +8 chain mail of the Iron Devil {rC+ Int+4
                  | Stlth+}
  4815 | D:6      | Found a roughly hewn altar of Beogh.
  4844 | D:6      | Killed fly's ghost
  5275 | D:7      | Reached skill level 10 in Axes
  5292 | D:7      | Reached XP level 10. HP: 86/93 MP: 10/10
  5300 | D:7      | Reached skill level 10 in Fighting
  5376 | D:7      | Identified the +1 chain mail of Nutu Aco {rCorr SInv}
  5391 | D:7      | Noticed a seven-headed hydra
  5412 | D:7      | Slain by a ten-headed hydra

Illustrated notes

Levels and vault maps discovered:
D:1:      roderic_crop_circles_arrival_small, layout_basic,
          shapermc_ecumenical_altar_notcrosses
D:2:      layout_loops_corners, uniq_robin
D:3:      layout_basic, nicolae_overflow_ecumenical_swirl,
          lemuel_zombie_altar_yredelemnul, nicolae_grassy_gnolls
D:4:      layout_rooms, mainiacjoe_overflow_alcove_1,
          chequers_temple_overflow_statue_of_worship, uniq_crazy_yiuf_cottage,
          uniq_grinder, uniq_eustachio
D:5:      layout_basic, mainiacjoe_overflow_boulevard, minivault_14,
          uniq_menkaure
D:6:      nicolae_cairo_tiling_very_big, layout_basic,
          biasface_ghost_orc_armoury, serial_park_tiny_pond,
          corexii_hall_statues_i, uniq_prince_ribbit1, uniq_pikel
D:7:      kennysheep_windowed_halls, layout_basic,
          mainiacjoe_overflow_six_doors_small, minmay_temple_entry_wispy,
          hangedman_decor_slide_cut

Skill      XL: |  1  2  3  4  5  6  7  8  9 10 |
---------------+-------------------------------+-----
Axes           | 3 4 5 6 8 10 | 10.6
Fighting       | 4 5 6 8 9 10 | 10.2
Armour         | 4 5 6 7 8 9 |  9.2
Evocations     | 1 2 3 4 |  4.8
Shields        | |  3.2

Action                   |  1- 3 |  4- 6 |  7- 9 | 10-12 || total
-------------------------+-------+-------+-------+-------++-------
Melee: War axe           |    59 |       |       |       ||    59
       Broad axe         |    11 |    71 |   185 |    32 ||   299
  Use: Scroll            |     5 |     6 |     2 |     1 ||    14
       Potion            |       |       |     3 |     2 ||     5
Armor: Scale mail        |    31 |    34 |    82 |       ||   147
       Chain mail        |       |       |    36 |    50 ||    86
Dodge: Dodged            |    39 |    34 |    75 |    28 ||   176
Block: Buckler           |    22 |    14 |    42 |    20 ||    98

Table legend: (Time is in decaauts)
 A = Elapsed time spent in this place.
 B = Non-inter-level travel time spent in this place.
 C = Inter-level travel time spent in this place.
 D = Time resting spent in this place.
 E = Time spent auto-exploring this place.
 F = Levels seen in this place.
 G = Mean time per level.
                   A        B        C        D        E       F      G
               +--------+--------+--------+--------+--------+-----+--------+
         Total |   5510 |   5330 |    180 |     67 |   3844 |   7 |  787.1 |
       Dungeon |   5510 |   5330 |    180 |     67 |   3844 |   7 |  787.1 |
               +--------+--------+--------+--------+--------+-----+--------+

Top non-repeatable levels by time:
     D:6: 1171 daAuts
     D:1: 1073 daAuts
     D:2: 891 daAuts
     D:5: 859 daAuts
     D:3: 688 daAuts
     D:4: 496 daAuts
     D:7: 330 daAuts
